 Dungeon Crawl Stone Soup version 0.23-a0-612-gcb482e9 (webtiles) character file.

49 Lavandula the Cutter (level 4, 0/27 HPs)
             Began as a Halfling Enchanter on Dec 21, 2018.
             Slain by a big kobold (4 damage)
             ... in a sewer.
             The game lasted 00:03:08 (757 turns).

Lavandula the Cutter (Halfling Enchanter)            Turns: 757, Time: 00:03:09

Health: 0/27       AC:  2    Str:  9    XL:     4   Next: 2%
Magic:  0/6        EV: 15    Int: 14    God:
Gold:   14         SH:  0    Dex: 14    Spells: 3/6 levels left

rFire    . . .     SeeInvis .   a - +1 dagger
rCold    . . .     Gourm    .   (shield restricted)
rNeg     . . .     Faith    .   b - +0 robe
rPois    .         Spirit   .   (no helmet)
rElec    .         Reflect  .   (no cloak)
rCorr    .         Harm     .   (no gloves)
MR       .....                  (no boots)
Stlth    +.........             (no amulet)
HPRegen  0.09/turn              (no ring)
MPRegen  0.10/turn              (no ring)

@: very slightly contaminated, very slow
A: small, mutation resistance 1
a: no special abilities


You were in a sewer.
You were hungry.

You visited 1 branch of the dungeon, and saw 3 of its levels.
You also visited: Sewer.

You collected 14 gold pieces.

Inventory:

Hand Weapons
 a - a +1 dagger (weapon)
Missiles
 c - 19 sling bullets
Armour
 b - a +0 robe (worn)
Comestibles
 d - a ration


   Skills:
 + Level 4.3 Short Blades
 - Level 2.1 Dodging
 - Level 3.2 Stealth
 - Level 1.5 Spellcasting
 - Level 2.4 Hexes


You had 3 spell levels left.
You knew the following spells:

 Your Spells              Type           Power        Failure   Level  Hunger
a - Corona                Hex            #......      10%         1    ##.....
b - Ensorcelled Hibernat  Hex/Ice        #.....       22%         2    ###....

Your spell library contained the following spells:

 Spells                   Type           Power        Failure   Level  Hunger
 Confuse                  Hex            #.......     28%         3    ####...
 Tukima's Dance           Hex            #.......     28%         3    ####...
 Dazzling Spray           Conj/Hex       #.....       41%         3    ####...


Dungeon Overview and Level Annotations

Branches:
Dungeon (3/15)

Altars:


Innate Abilities, Weirdness & Mutations

You are small and have problems with some larger weapons.
You are somewhat resistant to further mutation.


Message History

You are feeling hungry.
The big kobold hits you.
* * * LOW HITPOINT WARNING * * *
Unknown command.
You aren't carrying any potions.
Unknown command.
You enter the shallow water.
Moving in this stuff is going to be slow.
The big kobold hits you.
* * * LOW HITPOINT WARNING * * *
Items here: ( ))) †† Unknown command.
The big kobold misses you. The big kobold completely misses you.
Unknown command.
Unknown command.
You enter the shallow water.
Moving in this stuff is going to be slow.
Unknown command.
The big kobold hits you.
You die...

####.#### #.≈.≈...#
#≈≈≈≈≈≈.# #.≈≈≈≈≈.#
#†≈≈≈≈≈.# #.≈≈≈≈≈.#
#.≈≈≈≈≈.# #.≈≈≈≈..#
################@≈≈≈≈..#
≈≈≈≈≈≈≈≈≈≈≈≈≈≈≈≈≈K≈≈≈.≈#
################≈.≈≈≈..#
##.≈≈≈.## #.)≈≈.#
#.≈≈≈.### #.≈≈≈..∩#
#.≈≈≈.### #.≈≈≈.#


You could see a big kobold.

Vanquished Creatures
  An adder (D:3)
  A river rat (Sewer)
  2 worms (D:3)
  3 leopard geckos
  2 giant cockroaches (D:3)
  A goblin (D:1)
  2 hobgoblins
  2 jackals (Sewer)
  A bat (D:1)
  4 kobolds (Sewer)
  6 rats
25 creatures vanquished.

Notes
Turn   | Place    | Note
-------+----------+-------------------------------------------
     0 | D:1      | Lavandula the Halfling Enchanter began the quest for the
                  | Orb.
     0 | D:1      | Reached XP level 1. HP: 11/11 MP: 3/3
    88 | D:1      | Reached skill level 2 in Short Blades
   135 | D:2      | Reached XP level 2. HP: 10/17 MP: 2/4
   147 | D:2      | Learned a level 2 spell: Ensorcelled Hibernation
   248 | D:3      | Reached skill level 3 in Short Blades
   303 | D:3      | Reached XP level 3. HP: 15/21 MP: 5/5
   351 | D:3      | Found a glowing drain.
   358 | Sewer    | Entered a sewer
   374 | Sewer    | Reached skill level 4 in Short Blades
   706 | Sewer    | Noticed a big kobold
   749 | Sewer    | Reached XP level 4. HP: 13/27 MP: 1/6
   757 | Sewer    | Slain by a big kobold

Vault maps used:
D:1:      wheals_arrival_linesprint, minmay_quantized
D:3:      ebering_ghost_disaster_area, first_ration, gup_sewer_entry_bubbles,
          uniq_ijyb
Sewer:    sewer_kobolds

Skill      XL: |  1  2  3 |
---------------+----------+-----
Short Blades   | 2 3 4 |  4.3
Dodging        | |  2.1
Stealth        | |  3.2
Spellcasting   | |  1.5
Hexes          | |  2.4

Action                   |  1- 3 |  4- 6 || total
-------------------------+-------+-------++-------
Melee: Dagger            |    77 |     2 ||    79
 Cast: Corona            |     3 |       ||     3
       Ensorcelled Hiber |     8 |     1 ||     9
  Use: Scroll            |     1 |       ||     1
       Potion            |     2 |       ||     2
 Stab: Sleeping          |     6 |       ||     6
Armor: Robe              |     6 |       ||     6
Dodge: Dodged            |    58 |     6 ||    64

Table legend:
 A = Non-vault XP
 B = Vault XP
 C = Vault XP percentage of total XP
 D = Non-vault monster count
 E = Vault monster count
 F = Vault count percentage of total count
                 A         B        C        D         E       F
            +---------+---------+-------+---------+---------+-------
      Total |      27 |      44 |  62.0 |       8 |      17 |  68.0
            +---------+---------+-------+---------+---------+-------
        D:1 |       6 |       0 |   0.0 |       4 |       0 |   0.0
        D:2 |       3 |       0 |   0.0 |       1 |       0 |   0.0
        D:3 |      18 |      18 |  50.0 |       3 |       6 |  66.7
      Sewer |       0 |      26 | 100.0 |       0 |      11 | 100.0
            +---------+---------+-------+---------+---------+-------
